 Dungeon Crawl Stone Soup version 0.28.0 (webtiles) character file.

Game seed: 15728002960429193295

27 coolio the Digger (level 3, 0/31 HPs)
             Began as an Ogre Earth Elementalist on Feb 10, 2022.
             Succumbed to an adder's poison
             ... on level 2 of the Dungeon.
             The game lasted 00:02:36 (1689 turns).

coolio the Digger (Ogre Earth Elementalist)         Turns: 1689, Time: 00:02:37

Health: 0/31       AC:  3    Str: 12    XL:     3   Next: 10%
Magic:  4/7        EV:  9    Int: 18    God:
Gold:   35         SH:  4    Dex:  9    Spells: 6/7 levels left

rFire   . . .      SeeInvis .   f - +0 whip
rCold   . . .      Faith    .   (no shield)
rNeg    . . .      Spirit   +   b - +0 robe
rPois   .          Reflect  .   (helmet restricted)
rElec   .          Harm     .   (no cloak)
rCorr   .          Rampage  .   (gloves unavailable)
Will    .....      Rage     1%  (boots unavailable)
Stlth   +.........              a - amulet of guardian spirit
HPRegen 0.00/turn               (no ring)
MPRegen 0.10/turn               (no ring)

@: brilliant, lethally poisoned (0 -> -3), inhibited regen
A: large, unfitting armour, tough skin 1, large bone plates 1, berserk 1,
inhibited regeneration
a: no special abilities


You were on level 2 of the Dungeon.
You visited 1 branch of the dungeon, and saw 2 of its levels.

You collected 35 gold pieces.

Inventory:

Hand Weapons
 f - a +0 whip (weapon)
Missiles
 c - 60 stones
Armour
 b - a +0 robe (worn)
Jewellery
 a - an amulet of guardian spirit (around neck)
Scrolls
 g - a scroll of silence {unknown}
 i - a scroll of teleportation {unknown}
 j - a scroll of identify {unknown}


   Skills:
 * Level 0.5 Maces & Flails
 - Level 1.8 Dodging
 - Level 1.4 Stealth
 + Level 2.7 Spellcasting
 * Level 1.7 Transmutations
 * Level 3.1 Earth Magic


You had 6 spell levels left.
You knew the following spells:

 Your Spells              Type           Power      Damage    Failure   Level
a - Sandblast             Erth           40%        2d10      4%          1

Your spell library contained the following spells:

 Spells                   Type           Power      Damage    Failure   Level
 Passwall                 Tmut/Erth      13%        N/A       10%         2
 Stone Arrow              Conj/Erth      24%        3d8       26%         3
 Confusing Touch          Hex            3%         N/A       45%         3
 Gell's Gravitas          Tloc           3%         N/A       45%         3
 Lesser Beckoning         Tloc           3%         N/A       45%         3
 Teleport Other           Tloc           3%         N/A       45%         3
 Petrify                  Tmut/Erth      16%        N/A       54%         4
 Yara's Violent Unravell  Hex/Tmut       4%         3d4       97%         5
 Enfeeble                 Hex            1%         N/A       100%        7


Dungeon Overview and Level Annotations

Branches:
Dungeon (2/15)

Altars:


Innate Abilities, Weirdness & Mutations

You are too large for most types of armour.
You have tough skin. (AC +1)
You are partially covered in large bone plates. (SH +4)
You tend to lose your temper in combat.
You do not regenerate when monsters are visible.


Message History

You barely miss the adder.
The adder is severely wounded.
You feel sick. The adder bites you.
You completely miss the adder.
The adder is severely wounded.
You feel sick. The adder barely misses you. x2
You hit the adder but do no damage.
The adder is severely wounded.
You feel sick. The adder barely misses you.
You completely miss the adder.
The adder is severely wounded.
You feel sick. The adder bites you.
* * * LOW HITPOINT WARNING * * *
You are lethally poisoned!
The adder poisons you!
You closely miss the adder.
The adder is severely wounded.
* * * LOW HITPOINT WARNING * * *
You feel sick. The adder barely misses you. The adder bites you.
* * * LOW HITPOINT WARNING * * *
It was a potion of magic.
Magic courses through your body.
* * * LOW HITPOINT WARNING * * *
You feel sick. The adder bites you but does no damage.
It was a potion of mutation.
You feel extremely strange.
Large bone plates grow over parts of your arms.
You feel a little pissed off.
Your regeneration stops near monsters.
* * * LOW HITPOINT WARNING * * *
You feel sick. The adder closely misses you.
It was a potion of brilliance.
You feel clever all of a sudden.
* * * LOW HITPOINT WARNING * * *
You feel sick. The adder bites you but does no damage. The adder bites you.
Casting: Sandblast (safe; 4% risk of failure)
Confirm with . or Enter, or press ? or * to list all spells.
Aiming: Sandblast (safe; 4% risk of failure)
Press: ? - help, Shift-Dir - straight line, f - adder
Aim: an adder (severely wounded, 68% to hit)
You feel a surge of power!
The blast of sand hits the adder!
You kill the adder!
You die...

#### ########## ...
#........#####
#.####.######......
#.@.##'############
#w##........†.......
.. #.......#########
... #.......# ##.
#.......######### ..
.........##......# #
#.#.......##......#
...........+......'
#############......#


You could see a worm.

Vanquished Creatures
  An adder (D:2)
  A worm (D:2)
  3 endoplasms (D:1)
  A giant cockroach (D:2)
  4 goblins
  3 hobgoblins (D:1)
  2 kobolds
  2 quokkas (D:1)
  A frilled lizard (D:2)
  4 rats
22 creatures vanquished.

Notes
Turn   | Place    | Note
-------+----------+-------------------------------------------
     0 | D:1      | coolio the Ogre Earth Elementalist began the quest for the
                  | Orb.
     0 | D:1      | Reached XP level 1. HP: 16/16 MP: 3/3
    51 | D:1      | Reached skill level 1 in Transmutations
   297 | D:1      | Reached XP level 2. HP: 19/24 MP: 3/5
   901 | D:1      | Reached skill level 3 in Earth Magic
  1476 | D:2      | Reached XP level 3. HP: 26/31 MP: 5/7
  1687 | D:2      | Gained mutation: You are partially covered in large bone
                  | plates. (SH +4) [potion of mutation]
  1687 | D:2      | Gained mutation: You tend to lose your temper in combat.
                  | [potion of mutation]
  1687 | D:2      | Gained mutation: You do not regenerate when monsters are
                  | visible. [potion of mutation]
  1688 | D:2      | HP: 1/31 [poisoned by an adder]
  1689 | D:2      | Succumbed to an adder's poison

Illustrated notes

Levels and vault maps discovered:
D:1:      dpeg_chamrin_arrival_tetris, layout_loops_ring
D:2:      layout_basic, shapermc_ecumenical_altar_mp_ritualfount, basic_altar,
          minmay_splitting_lines, minmay_hexomino_c4

Skill      XL: |  1  2 |
---------------+-------+-----
Transmutations | 1 |  1.7
Earth Magic    | 3 |  3.1
Maces & Flails | |  0.5
Dodging        | |  1.8
Stealth        | |  1.4
Spellcasting   | |  2.7

Action                   || total
-------------------------++-------
Melee: Unarmed           ||     3
       Punch             ||     2
       Whip              ||    57
       Club              ||    27
 Cast: Sandblast         ||     9
  Use: Potion            ||     4
 Stab: Sleeping          ||     2
Armor: Robe              ||    25
Dodge: Dodged            ||    47
